Map: Dusk Towers

Players

EndOfLine

  • Race: Zerg Zerg
  • League: Master

Miszu - Winner!

  • Race: Terran Terran
  • League: Master

VOD

Have the link to the VOD?

Description

Time

  • Played on: March 22, 2016, 2:23 p.m.
  • Length: 13:52
Show
View Real Time Build Order
Export as new Build Order

EndOfLine Zerg 

Build Orders: Hatch First, Lurkers 

Get SALT Encoding   

  12  0:01  Drone  
  13  0:09  Drone  
  14  0:17  Overlord  
  14  0:23  Extractor, Drone  
  15  0:35  Drone x2  
  17  0:44  Drone  
  18  0:58  Hatchery  
  18  1:01  Drone  
  18  1:05  Drone  
  19  1:17  Spawning Pool  
  18  1:21  Drone  
  19  1:27  Drone  
  20  1:39  Drone  
  21  1:49  Hatchery  
  20  2:04  Queen  
  22  2:09  Queen  
  22  2:10  Zergling x4  
  22  2:13  Overlord  
  26  2:21  Drone x2  
  28  2:34  Drone x3  
  31  2:41  Queen  
  33  2:54  Roach Warren  
  33  2:55  Overlord, Extractor  
  33  2:58  Extractor, Drone x2  
  32  2:59  Drone  
  32  3:03  Drone  
  34  3:07  Zergling x4  
  35  3:37  Roach  
  35  3:38  Roach  
  35  3:39  Drone  
  35  3:40  Drone x4  
  35  3:41  Overlord x2  
  43  3:49  Drone x2  
  43  3:55  Roach x2  
  49  4:00  Roach x2  
  53  4:14  Drone x7  
  60  4:30  Drone  
  61  4:33  Drone  
  61  4:34  Drone x4  
  61  4:35  Overlord x3  
  66  5:01  Ravager x3  
  66  5:02  Drone  
  66  5:03  Drone x15  
  85  5:15  Roach x2  
  85  5:16  Overlord  
  85  5:19  Extractor  
  85  5:20  Extractor  
  85  5:21  Roach  
  89  5:24  Overlord  
  89  5:30  Overlord x2  
  89  5:37  Roach x4  
  89  5:42  Overlord x2, Queen x2  
  101  5:45  Drone x5  
  101  5:48  Extractor  
  105  5:50  Extractor  
  103  6:04  Drone  
  103  6:05  Drone x3  
  107  6:11  Drone, Lair  
  107  6:12  Drone x2  
  107  6:14  Drone x2, Evolution Chamber  
  107  6:15  Drone, Evolution Chamber  
  111  6:18  Spore Crawler  
  111  6:20  Drone  
  111  6:21  Spore Crawler  
  110  6:28  Roach x3  
  110  6:29  Roach x4, Spore Crawler  
  123  6:41  Zerg Missile Weapons Level 1  
  123  6:42  Zerg Ground Armor Level 1  
  123  6:43  Roach x4  
  131  6:51  Overlord x2  
  131  6:55  Overlord x2  
  131  7:07  Hatchery  
  129  7:17  Hydralisk Den, Roach x9  
  129  7:21  Glial Reconstitution  
  142  7:41  Drone x2  
  142  7:42  Drone  
  145  7:50  Spore Crawler  
  144  7:54  Spore Crawler  
  144  7:56  Lurker Den  
  143  8:03  Drone x3  
  146  8:05  Spore Crawler  
  146  8:10  Spore Crawler  
  136  8:14  Spore Crawler  
  136  8:15  Hydralisk x2  
  136  8:16  Hydralisk x7  
  153  8:23  Overlord x2, Hydralisk x3  
  153  8:24  Hydralisk x2  
  160  8:46  Drone x2  
  160  8:47  Drone  
  160  8:48  Zerg Ground Armor Level 2, Zerg Missile Weapons Level 2  
  163  8:50  Drone  
  163  8:51  Drone x5  
  169  9:03  Overlord x2  
  169  9:11  Hydralisk  
  169  9:12  Hydralisk x6  
  169  9:13  Overlord x3  
  183  9:17  Extractor, Spore Crawler  
  183  9:18  Extractor  
  180  9:27  Lurker x6  
  180  9:28  Lurker x2  
  180  9:29  Roach x2  
  180  9:30  Roach  
  192  9:37  Roach x4  
  200  9:52  Hydralisk  
  199  9:59  Hatchery  
  196  10:02  Hydralisk  
  196  10:04  Drone  
  170  10:29  Hydralisk  
  170  10:30  Hydralisk x9  
  185  10:38  Hydralisk  
  176  10:44  Lurker x4  
  141  10:58  Overlord  
  70  11:25  Roach  
  70  11:27  Roach  
  70  11:32  Roach x2  
  71  11:33  Roach x2  
  71  11:37  Roach x3  
  71  11:39  Roach x2  
  68  11:52  Roach  
  68  11:54  Roach x3  
  74  12:01  Roach  
  63  12:09  Roach x2  
  63  12:12  Roach x2  
  63  12:13  Roach  
  63  12:15  Ravager x3  
  73  12:16  Roach  
  56  12:38  Roach x3  
  56  12:39  Roach  
  46  12:55  Drone  
  46  12:56  Drone x3  
  50  13:09  Hatchery  
  49  13:18  Roach x2  
  49  13:19  Roach x2  
  53  13:22  Roach  
  55  13:30  Roach  
Show
View Real Time Build Order
Export as new Build Order

Miszu Terran - Winner!

Build Orders: Bio Tank 

Get SALT Encoding   

  12  0:01  SCV  
  13  0:13  SCV  
  14  0:17  Supply Depot  
  14  0:25  SCV  
  15  0:39  SCV  
  15  0:41  Barracks  
  16  0:46  Refinery  
  16  0:51  SCV  
  17  1:03  SCV  
  18  1:15  SCV  
  19  1:29  Orbital Command  
  19  1:30  Barracks Reactor  
  19  1:39  Command Center  
  19  1:48  Supply Depot  
  19  1:57  SCV  
  20  2:08  Reaper x2  
  22  2:09  SCV  
  23  2:21  SCV  
  24  2:26  Command Center  
  24  2:33  SCV  
  25  2:41  Reaper  
  25  2:42  Reaper  
  27  2:50  SCV  
  28  2:51  Orbital Command  
  28  2:56  Refinery  
  28  3:02  SCV  
  29  3:15  SCV  
  29  3:18  SCV  
  31  3:20  Reaper x2  
  31  3:27  SCV  
  34  3:30  SCV  
  35  3:36  Barracks  
  35  3:38  Barracks  
  35  3:39  SCV  
  37  3:43  SCV  
  37  3:47  Orbital Command  
  37  3:51  SCV  
  37  3:55  Factory, SCV  
  39  4:03  Refinery x2, SCV  
  39  4:07  SCV  
  41  4:13  Marine x2  
  41  4:15  SCV x2  
  45  4:19  SCV  
  46  4:26  Engineering Bay  
  46  4:27  Engineering Bay, Barracks Tech Lab x2, SCV  
  46  4:29  SCV  
  48  4:31  Marine  
  48  4:32  Marine  
  48  4:33  SCV  
  51  4:39  Supply Depot, SCV  
  51  4:41  SCV  
  51  4:44  Factory Reactor  
  53  4:45  SCV  
  53  4:46  Starport  
  53  4:49  Marine, Stimpack  
  53  4:51  SCV  
  56  4:59  Marine x3  
  59  5:00  SCV  
  59  5:01  Terran Infantry Weapons Level 1, Terran Infantry Armor Level 1, SCV  
  59  5:06  SCV  
  62  5:07  Supply Depot  
  62  5:14  Marine  
  63  5:16  Barracks  
  63  5:17  Marine  
  63  5:19  SCV x2  
  63  5:20  Barracks  
  67  5:27  Marine  
  68  5:31  SCV x2  
  68  5:34  Starport Tech Lab  
  69  5:35  Orbital Command  
  69  5:36  Marine  
  69  5:40  Factory Tech Lab  
  69  5:41  Armory  
  70  5:43  SCV  
  70  5:44  Supply Depot, SCV  
  70  5:45  Marine  
  70  5:46  Supply Depot, Marine x2  
  75  5:50  Medivac  
  75  5:52  Supply Depot  
  77  6:06  Marine, Medivac, Siege Tank, SCV x3  
  77  6:08  Marine  
  77  6:11  Barracks Reactor x2  
  86  6:13  Supply Depot  
  86  6:17  Marine x2  
  86  6:18  SCV x3  
  90  6:22  Medivac  
  90  6:23  Marine  
  94  6:26  Marine  
  94  6:30  SCV  
  96  6:33  SCV x2  
  96  6:35  Marine x2  
  100  6:41  Refinery, Marine  
  100  6:43  Marine  
  102  6:47  Siege Tank  
  102  6:50  Refinery  
  102  6:51  Factory, Terran Vehicle Weapons Level 1  
  102  6:52  Marine x2, SCV  
  108  6:55  Supply Depot x2  
  108  6:57  Supply Depot, SCV  
  109  7:03  Marine  
  109  7:04  SCV  
  109  7:16  Marine x4, Medivac x2  
  109  7:17  Marine x2, Marauder, SCV  
  109  7:21  Marine, Siege Tank  
  109  7:22  SCV x2, Terran Infantry Weapons Level 2  
  128  7:23  Terran Infantry Armor Level 2  
  128  7:34  Marine x2, Marauder  
  132  7:43  Marine  
  133  7:44  Marauder  
  133  7:45  Factory Tech Lab  
  133  7:47  Supply Depot  
  133  7:49  Supply Depot  
  133  7:51  Supply Depot  
  133  8:07  Marine  
  133  8:09  Marine x6, Medivac  
  133  8:10  Siege Tank  
  133  8:11  Marauder  
  144  8:15  Siege Tank  
  144  8:16  Medivac  
  144  8:19  Supply Depot  
  142  8:20  Supply Depot, Combat Shields  
  142  8:24  Marine  
  142  8:26  Marine x6  
  149  8:31  Marine  
  144  8:42  Medivac, Widow Mine  
  144  8:43  Marauder  
  144  8:44  Marine x6  
  144  8:47  Siege Tank  
  144  8:48  Supply Depot  
  156  8:49  Command Center  
  156  8:50  Supply Depot, Marauder, Terran Vehicle Weapons Level 2  
  158  8:56  Concussive Shells  
  158  9:02  Marine x6  
  164  9:04  Marauder  
  166  9:10  Barracks  
  166  9:11  Siege Tank, Barracks, Marauder  
  166  9:12  Barracks  
  171  9:17  Medivac  
  171  9:19  Siege Tank  
  171  9:20  Marine x6  
  182  9:26  Marauder  
  184  9:32  Marauder  
  184  9:38  Marine  
  189  9:52  Terran Infantry Weapons Level 3  
  189  9:53  Marine x2  
  189  9:55  Terran Infantry Armor Level 3  
  189  10:01  Marauder, Marine x5, Siege Tank  
  189  10:05  Marine  
  189  10:06  Barracks Tech Lab x2  
  200  10:11  Marine  
  200  10:13  Marine  
  200  10:18  Marine x4  
  200  10:19  Marauder  
  186  10:22  Marauder  
  175  10:30  Marauder  
  168  10:36  Marine  
  168  10:37  Marine, Marauder  
  117  11:25  Marine  
  117  11:27  Marine x3  
  117  11:31  Marine  
  110  11:35  Marauder  
  110  11:36  Medivac  
  110  11:38  Marauder  
  110  11:59  Marine x2  
  110  12:00  Marine x2, Medivac  
  110  12:04  Marine  
  110  12:06  Marine  
  110  12:24  Marine  
  110  12:26  Marine  
  110  12:27  Marine x2  
  110  12:29  Marine  
  110  12:30  Medivac  
  110  12:33  Siege Tank  
  107  12:42  Marine  
  107  12:43  Marine  
  102  12:44  Marine x2  
  102  12:47  Marine  
  105  12:53  Orbital Command  
  105  13:00  Marine, Medivac  
  105  13:01  Marine  
  105  13:02  Marine  
  110  13:24  Supply Depot  
  110  13:25  Supply Depot  
  110  13:27  Supply Depot  
  110  13:29  Command Center x2  
Tags
 
Add a new tag
Caveats
  • Supply blocks, unpowered buildings, or Contaminate may cause inaccurate times.
  • Supply counts are checked every 10 seconds.